 Dungeon Crawl Stone Soup version 0.31-a0-1074-g0b22e4e0f1 (console) character file.

Game seed: 2438943903679688145

1929 jejorda2 the Chopper (level 9, -1/74 HPs)
             Began as a Gnoll Berserker on Dec 5, 2023.
             Was a Believer of Trog.
             Succumbed to a water moccasin's poison
             ... on level 6 of the Dungeon.
             The game lasted 00:10:04 (4894 turns).

jejorda2 the Chopper (Gnoll Berserker)              Turns: 4894, Time: 00:10:05

Health: -1/74      AC: 16    Str: 24 (26) XL:     9   Next: 17%
Magic:  15/15      EV: 10    Int:  5 (7)  God:    Trog [**....]
Gold:   359        SH:  5    Dex:  9 (12) Spells: 16/16 levels left

rFire   . . .        a - +0 broad axe
rCold   . . .        (no shield)
rNeg    . . .        n - +0 chain mail
rPois   .            (no helmet)
rElec   .            A - +0 cloak
rCorr   .            e - +0 pair of gloves
SInv    .            (no boots)
Will    .....        m - amulet of reflection Stlth
                     B - +6 ring of strength
HPRegen 0.32/turn    E - +4 ring of protection
MPRegen 0.14/turn

%: reflection
@: lethally poisoned (-1 -> -25), attractive
A: fangs 1, strong nose, distributed training
a: Renounce Religion, Berserk, Trog's Hand


You were on level 6 of the Dungeon.
You worshipped Trog.
Trog was pleased with you.
You visited 1 branch of the dungeon, and saw 6 of its levels.

You collected 359 gold pieces.

Inventory:

Hand Weapons
 a - a +0 broad axe (weapon)
Missiles
 k - 6 javelins
 q - 8 poisoned darts (quivered)
 s - 4 atropa-tipped darts
 y - 2 throwing nets
Armour
 e - a +0 pair of gloves (worn)
 n - a +0 chain mail (worn)
 A - a +0 cloak (worn)
Jewellery
 m - an amulet of reflection (around neck)
 B - a +6 ring of strength (left hand)
 D - a ring of resist corrosion
 E - a +4 ring of protection (right hand)
Wands
 u - a wand of roots (7)
 C - a wand of flame (29)
Scrolls
 c - 2 scrolls of immolation {unknown}
 d - a scroll of fog {unknown}
 f - 3 scrolls of fear {unknown}
 h - a scroll of amnesia {unknown}
 i - a scroll of brand weapon {unknown}
 l - a scroll of noise {unknown}
 r - 4 scrolls of identify {unknown}
 v - 2 scrolls of enchant weapon {unknown}
 w - a scroll of enchant armour {unknown}
 x - 2 scrolls of teleportation {unknown}
Potions
 b - 3 potions of degeneration
 g - 3 potions of attraction
 j - 3 potions of enlightenment {unknown}
 o - a potion of heal wounds {unknown}
 p - 3 potions of lignification {unknown}
 t - 2 potions of might {unknown}
 z - a potion of haste {unknown}
 F - a potion of berserk rage {unknown}


   Skills:
 + Level 7.8 Fighting
 + Level 4.0 Short Blades
 + Level 4.0 Long Blades
 + Level 7.8 Axes
 + Level 4.0 Maces & Flails
 + Level 4.0 Polearms
 + Level 4.0 Staves
 + Level 4.0 Ranged Weapons
 + Level 4.0 Throwing
 + Level 6.2 Armour
 + Level 6.2 Dodging
 + Level 4.0 Stealth
 + Level 4.0 Shields
 + Level 4.0 Unarmed Combat
 + Level 4.0 Spellcasting
 + Level 3.3 Conjurations
 + Level 3.3 Hexes
 + Level 3.3 Summonings
 + Level 3.3 Necromancy
 + Level 3.3 Translocations
 + Level 3.3 Transmutations
 + Level 3.3 Fire Magic
 + Level 3.3 Ice Magic
 + Level 3.3 Air Magic
 + Level 3.3 Earth Magic
 + Level 3.3 Poison Magic
 + Level 4.4 Invocations
 + Level 4.0 Evocations
 + Level 3.6 Shapeshifting


You had 16 spell levels left.
You didn't know any spells.
Your spell library was empty.

Dungeon Overview and Level Annotations

Branches:
Dungeon (6/15)             Temple (0/1) D:4

Altars:


Innate Abilities, Weirdness & Mutations

You have very sharp teeth.
Your uncanny sense of smell can sniff out nearby items.
Your experience applies equally to all skills.


Message History

You closely miss the water moccasin. You bite the water moccasin.
The water moccasin is lightly wounded.
You feel very sick. The water moccasin bites you.
You are more poisoned.
The water moccasin poisons you! The water moccasin barely misses you.
You miss the water moccasin.
The water moccasin is lightly wounded.
You feel very sick. The water moccasin bites you.
You are lethally poisoned!
The water moccasin poisons you!
The water moccasin bites you but does no damage.
You are too injured to fight recklessly!
You are too injured to fight recklessly!
You are too injured to fight recklessly!
You hit the water moccasin but do no damage.
Your bite misses the water moccasin.
The water moccasin is lightly wounded.
* * * LOW HITPOINT WARNING * * *
You feel extremely sick.
The water moccasin bites you but does no damage.
You closely miss the water moccasin.
The water moccasin is lightly wounded.
* * * LOW HITPOINT WARNING * * *
You feel very sick. The water moccasin bites you.
* * * LOW HITPOINT WARNING * * *
You are more poisoned.
The water moccasin poisons you!
The water moccasin bites you but does no damage.
It was a potion of degeneration.
There was something very wrong with that liquid.
You feel weakened.
You feel dopey.
You feel clumsy.
* * * LOW HITPOINT WARNING * * *
You feel extremely sick. The water moccasin closely misses you.
It was a potion of attraction.
You feel attractive to monsters.
You die...

..........#..
#...........
...........###
#...........#
..........##.
#...........
#...S.....#
#..@......#
#.......###
#..##..## ....
### .....
......^
.......
.......


You could see a water moccasin.

Vanquished Creatures
  Pikel (D:5)
  Sigmund (D:4)
  Duvessa (D:4)
  A black bear (D:4)
  Pargi (D:3)
  An ice beast (D:6)
  3 ogres
  2 lemures (D:5)
  Blork the orc (D:5)
  A scorpion (D:5)
  Dowan (D:4)
  2 hounds
  An orc priest (D:5)
  A jelly (D:5)
  Crazy Yiuf (D:3)
  Jessica (D:3)
  An iguana (D:4)
  Ijyb (D:3)
  5 gnolls
  13 adders
  5 worms
  9 dart slugs
  4 orcs
  3 endoplasms
  5 giant cockroaches
  7 goblins
  3 hobgoblins
  4 jackals
  10 kobolds
  5 quokkas
  12 ball pythons
  4 bats
  A frilled lizard (D:3)
  6 rats
118 creatures vanquished.

Notes
Turn   | Place    | Note
-------+----------+-------------------------------------------
     0 | D:1      | jejorda2 the Gnoll Berserker began the quest for the Orb.
     0 | D:1      | Reached XP level 1. HP: 23/23 MP: 1/1
    97 | D:1      | Reached XP level 2. HP: 24/29 MP: 2/2
   421 | D:1      | Reached XP level 3. HP: 35/35 MP: 3/3
   680 | D:1      | Reached ** piety under Trog
  1038 | D:2      | Reached skill level 1 in Invocations
  1310 | D:2      | Reached skill level 1 in Short Blades
  1310 | D:2      | Reached skill level 1 in Long Blades
  1310 | D:2      | Reached skill level 1 in Maces & Flails
  1310 | D:2      | Reached skill level 1 in Polearms
  1310 | D:2      | Reached skill level 1 in Staves
  1310 | D:2      | Reached skill level 1 in Ranged Weapons
  1310 | D:2      | Reached skill level 1 in Throwing
  1310 | D:2      | Reached skill level 1 in Stealth
  1310 | D:2      | Reached skill level 1 in Shields
  1310 | D:2      | Reached skill level 1 in Unarmed Combat
  1310 | D:2      | Reached skill level 1 in Spellcasting
  1310 | D:2      | Reached skill level 1 in Evocations
  1356 | D:2      | Reached XP level 4. HP: 41/41 MP: 5/5
  1412 | D:2      | Reached skill level 1 in Shapeshifting
  1572 | D:2      | Found a faded altar of an unknown god.
  1706 | D:3      | Noticed Ijyb
  1719 | D:3      | Noticed Pargi
  1721 | D:3      | Killed Ijyb
  1722 | D:3      | Reached skill level 1 in Conjurations
  1722 | D:3      | Reached skill level 1 in Hexes
  1722 | D:3      | Reached skill level 1 in Summonings
  1722 | D:3      | Reached skill level 1 in Necromancy
  1722 | D:3      | Reached skill level 1 in Translocations
  1722 | D:3      | Reached skill level 1 in Transmutations
  1722 | D:3      | Reached skill level 1 in Fire Magic
  1722 | D:3      | Reached skill level 1 in Ice Magic
  1722 | D:3      | Reached skill level 1 in Air Magic
  1722 | D:3      | Reached skill level 1 in Earth Magic
  1722 | D:3      | Reached skill level 1 in Poison Magic
  1857 | D:3      | Killed Pargi
  1858 | D:3      | Reached XP level 5. HP: 47/47 MP: 5/7
  2052 | D:3      | Reached XP level 6. HP: 51/53 MP: 8/8
  2144 | D:3      | Reached skill level 5 in Armour
  2144 | D:3      | Reached skill level 5 in Dodging
  2165 | D:3      | Noticed Jessica
  2167 | D:3      | Killed Jessica
  2653 | D:3      | Found a runed translucent door.
  2654 | D:3      | Noticed Crazy Yiuf
  2661 | D:3      | Killed Crazy Yiuf
  2928 | D:4      | Found a staircase to the Ecumenical Temple.
  2971 | D:4      | Noticed Sigmund
  2977 | D:4      | Killed Sigmund
  2978 | D:4      | Reached XP level 7. HP: 60/60 MP: 10/10
  3600 | D:4      | Reached XP level 8. HP: 67/67 MP: 12/12
  3738 | D:5      | Entered Level 5 of the Dungeon
  3792 | D:5      | Noticed Duvessa
  3792 | D:5      | Noticed Dowan
  3801 | D:4      | Killed Duvessa
  3802 | D:4      | Killed Dowan
  3880 | D:5      | Noticed Pikel
  3899 | D:5      | Killed Pikel
  4004 | D:5      | Noticed Blork the orc
  4010 | D:5      | Killed Blork the orc
  4011 | D:5      | Reached XP level 9. HP: 56/73 MP: 14/14
  4173 | D:5      | Reached *** piety under Trog
  4894 | D:6      | Succumbed to a water moccasin's poison

Illustrated notes

Levels and vault maps discovered:
D:1:      dpeg_arrival_orchard, layout_basic
D:2:      layout_basic, nicolae_ecumenical_snake_handling
D:3:      kennysheep_slugbush, layout_basic, grunt_decor_arrowhead, st_stairs_1,
          uniq_crazy_yiuf_cottage, uniq_ijyb, uniq_jessica, uniq_pargi
D:4:      layout_basic, minmay_temple_entry_glass, uniq_sigmund
D:5:      layout_basic, serial_rivers, chequers_serial_rivers_small_3,
          chequers_serial_rivers_micro_e, chequers_serial_rivers_room_b,
          chequers_serial_rivers_micro_e, uniq_duvessa, uniq_pikel,
          uniq_blork_the_orc
D:6:      layout_cave_pools, hellmonk_sif_muna_bookshelves,
          amcnicky_mini_pool_small

Skill      XL: |  1  2  3  4  5  6  7  8  9 |
---------------+----------------------------+-----
Invocations    | 1 2 3 4 |  4.4
Short Blades   | 1 2 3 4 |  4.0
Long Blades    | 1 2 3 4 |  4.0
Maces & Flails | 1 2 3 4 |  4.0
Polearms       | 1 2 3 4 |  4.0
Staves         | 1 2 3 4 |  4.0
Ranged Weapons | 1 2 3 4 |  4.0
Throwing       | 1 2 3 4 |  4.0
Stealth        | 1 2 3 4 |  4.0
Shields        | 1 2 3 4 |  4.0
Unarmed Combat | 1 2 3 4 |  4.0
Spellcasting   | 1 2 3 4 |  4.0
Evocations     | 1 2 3 4 |  4.0
Shapeshifting  | 1 2 3 |  3.6
Conjurations   | 1 2 3 |  3.3
Hexes          | 1 2 3 |  3.3
Summonings     | 1 2 3 |  3.3
Necromancy     | 1 2 3 |  3.3
Translocations | 1 2 3 |  3.3
Transmutations | 1 2 3 |  3.3
Fire Magic     | 1 2 3 |  3.3
Ice Magic      | 1 2 3 |  3.3
Air Magic      | 1 2 3 |  3.3
Earth Magic    | 1 2 3 |  3.3
Poison Magic   | 1 2 3 |  3.3
Armour         | 5 6 |  6.2
Dodging        | 5 6 |  6.2
Fighting       | 7 |  7.8
Axes           | 7 |  7.8

Action                     |  1- 3 |  4- 6 |  7- 9 || total
---------------------------+-------+-------+-------++-------
  Melee: Hand axe          |   111 |    46 |       ||   157
         Bite              |     9 |    12 |    15 ||    36
         Punch             |     2 |     3 |     1 ||     6
         Broad axe         |       |    77 |   134 ||   211
  Throw: Dart              |       |       |     4 ||     4
 Invoke: Berserk           |     1 |     3 |     5 ||     9
         Trog's Hand       |       |     1 |       ||     1
    Use: Potion            |       |       |     2 ||     2
   Stab: Sleeping          |       |     2 |       ||     2
 Armour: Animal skin       |    26 |       |       ||    26
         Leather armour    |    18 |    57 |       ||    75
         Chain mail        |       |     3 |   103 ||   106
  Dodge: Dodged            |    62 |    83 |    60 ||   205
  Block: Other             |     6 |    32 |    30 ||    68
         Reflection        |       |     3 |     1 ||     4

Table legend: (Time is in decaauts)
 A = Elapsed time spent in this place.
 B = Non-inter-level travel time spent in this place.
 C = Inter-level travel time spent in this place.
 D = Time resting spent in this place.
 E = Time spent auto-exploring this place.
 F = Levels seen in this place.
 G = Mean time per level.
                   A        B        C        D        E       F      G
               +--------+--------+--------+--------+--------+-----+--------+
         Total |   5032 |   4599 |    433 |    305 |   3366 |   6 |  838.7 |
       Dungeon |   5032 |   4599 |    433 |    305 |   3366 |   6 |  838.7 |
               +--------+--------+--------+--------+--------+-----+--------+

Top non-repeatable levels by time:
     D:3: 1130 daAuts
     D:5: 1066 daAuts
     D:1: 1024 daAuts
     D:4: 1004 daAuts
     D:2: 790 daAuts
     D:6: 16 daAuts
